 Dungeon Crawl Stone Soup version 0.29.0-7-g18a832c13a (webtiles) character file.

Game seed: 14068043554265294810

1007 SnakkuSnakku7 the Cudgeller (level 8, 0/61 HPs)
             Began as a Djinni Chaos Knight on Aug 31, 2022.
             Was a Plaything of Xom.
             Slain by a necrophage (7 damage)
             ... on level 4 of the Dungeon.
             The game lasted 00:08:01 (4785 turns).

SnakkuSnakku7 the Cudgeller (Djinni Chaos Knight)   Turns: 4785, Time: 00:08:02

Health: 0/61       AC: -1    Str: 12    XL:     8   Next: 44%
Gold:   219        EV: 12    Int: 12    God:    Xom [.*....] SH:  4 Dex: 18

rFire   + + +      SeeInvis .   a - +5 dire flail (holy)
rCold   x . .      Faith    .   (shield currently unavailable)
rNeg    . . .      Spirit   .   b - +2 leather armour
rPois   ∞          Reflect  .   (helmet restricted)
rElec   .          Harm     .   k - +0 cloak
rCorr   .          Rampage  .   (no gloves)
Will    +....                   (boots unavailable)
Stlth   +.........              (no amulet)
HPRegen 0.20/turn               u - ring of protection from fire
MPRegen 0.00/turn               (no ring)

@: marked, corroded, flying
A: sickness immunity, fire resistance 2, cold vulnerability 1, float, innate
caster, HP casting, extra vitality 1, horns 1, large bone plates 1, agile 1,
strong-willed 1, wild magic 1
a: Renounce Religion


You were on level 4 of the Dungeon.
You worshipped Xom.
You were a plaything of Xom.
You visited 1 branch of the dungeon, and saw 5 of its levels.

You collected 219 gold pieces.

Inventory:

Hand Weapons
 a - a +5 dire flail of holy wrath (weapon)
 f - a +4 falchion of chaos
 w - a +0 mace of chaos
Armour
 b - a +2 leather armour (worn)
 e - a scarf of harm
 h - an orb of guile
 k - a +0 cloak (worn)
Jewellery
 u - a ring of protection from fire (left hand)
Scrolls
 g - a scroll of magic mapping {unknown}
 i - a scroll of vulnerability
 j - a scroll of immolation {unknown}
 l - a scroll of teleportation
 m - 6 scrolls of identify
 t - a scroll of summoning {unknown}
Potions
 n - a potion of lignification {unknown}
 o - 2 potions of might {unknown}
 p - 3 potions of curing
 q - a potion of ambrosia {unknown}
 r - a potion of heal wounds
 s - a potion of attraction {unknown}
 v - a potion of flight {unknown}
 x - a potion of cancellation {unknown}
 z - a potion of invisibility {unknown}
 A - 2 potions of magic {unknown}
 B - a potion of haste {unknown}
Miscellaneous
 c - a piece from Xom's chessboard (15/15) (quivered)
 d - a phial of floods (inert)


   Skills:
 - Level 6.2 Fighting
 + Level 6.7 Maces & Flails
 - Level 1.0 Armour
 - Level 2.1 Dodging


You had one spell level left.
You knew the following spells:

 Your Spells              Type           Power      Damage    Failure   Level
a - Foxfire               Conj/Fire      0%         2x1d4     47%         1
b - Blink                 Tloc           0%         N/A       63%         2
c - Confusing Touch       Hex            0%         N/A       83%         3
Your spell library was empty.

Dungeon Overview and Level Annotations

Branches:
Dungeon (5/15)
 Temple: D:4-7

Altars:

Shops:
D:5 (

Annotations:
D:4 2 transporters


Innate Abilities, Weirdness & Mutations

You are immune to sickness and miasma.
You are immune to poison.
Your flesh is very heat resistant. (rF++)
You are vulnerable to cold. (rC-)
You float through the air rather than walking.
You learn spells naturally, not from books.
Your magical power is your life essence.
You have superior vitality. (+4 MHP)
You have a pair of small horns on your head.
You are partially covered in large bone plates. (SH +4)
You are agile. (Dex +4, Str/Int -1)
You are strong-willed. (Will+)
Your spells are a little harder to cast, but a little more powerful.


Message History

The scorpion completely misses you. The hound bites you.
Unknown command.
You thump the scorpion!
You kill the scorpion!
A phantom comes into view.
The hound pauses to sniff the ground.
The hound bites you.
You are too injured to fight recklessly!
Unknown command.
You hit the hound.
The hound is heavily wounded.
The hound bites you. The hound barely misses you.
Unknown command.
You puncture the hound!
You kill the hound!
Found a dagger and 5 stones.
The necrophage misses you.
There is a stone staircase leading up, spattered with blood here.
The necrophage misses you.
You fly upwards.
Level annotation: 2 transporters
There is a stone staircase leading down here.
Unknown command.
You are too injured to fight recklessly!
You are too injured to fight recklessly!
You are too injured to fight recklessly!
You closely miss the necrophage. The necrophage hits you.
You hit the necrophage.
The necrophage convulses.
You headbutt the necrophage, but do no damage.
The necrophage is lightly damaged.
The necrophage hits you!
* * * LOW HITPOINT WARNING * * *
You puncture the necrophage!
The necrophage convulses.
You headbutt the necrophage.
The necrophage is severely damaged.
The necrophage hits you!
* * * LOW HITPOINT WARNING * * *
You closely miss the necrophage. Your headbutt misses the necrophage.
The necrophage is severely damaged.
The necrophage hits you!
You die...

#######.# #.....# #...######
#......# #.#########.#
#......###.#.........#
#.......##......####.########
##.....#..###.##.# ##.##.....#
.......##.#......###..##.###.#
##.....##..................#.#
.....#..###.........####.#.#.#
####.##.# #.####@........#.#.#
# #.##.# #.#....n..######<#.#
# #.##.###.#.#.....########.#
# #.#.....................#.#
# #................######.#.#
# ##.........####### #.#.# #
#.######### #.#.# #####.#
#.#[# ......# #...#


You could see a necrophage.

Vanquished Creatures
  A black bear (D:3)
  A phantom (D:5)
  A bullfrog (D:4)
  A scorpion (D:5)
  A crimson imp (D:3)
  A hound (D:5)
  A jelly (D:5)
  3 adders
  4 gnolls
  3 worms
  3 dart slugs
  An orc (D:5)
  11 endoplasms
  2 giant cockroaches
  7 goblins
  7 hobgoblins
  A jackal (D:1)
  7 quokkas
  11 ball pythons
  7 bats
  3 frilled lizards
  7 kobolds
  4 rats
88 creatures vanquished.

Vanquished Creatures (collateral kills)
  Eustachio (D:4)
  Edmund (D:4)
  An ogre (D:3)
  2 jellies (D:4)
  An iguana (D:4)
  An adder (D:4)
  A goblin (D:4)
  4 hobgoblins
  A quokka (D:4)
  A rat (D:3)
14 creatures vanquished.

Vanquished Creatures (others)
  16 fungi
  A plant (D:1)
17 creatures vanquished.

Grand Total: 119 creatures vanquished

Notes
Turn   | Place    | Note
-------+----------+-------------------------------------------
     0 | D:1      | SnakkuSnakku7 the Djinni Chaos Knight began the quest for
                  | the Orb.
     0 | D:1      | Reached XP level 1. HP: 20/20 MP: 0/0
    10 | D:1      | XOM: silly message
    97 | D:1      | Reached XP level 2. HP: 18/25 MP: 0/0
   231 | D:1      | XOM: noise
   245 | D:1      | XOM: 1-stop teleportation journey
   310 | D:1      | XOM: god gift: phial of floods
   550 | D:1      | Reached XP level 3. HP: 27/30 MP: 0/0
   550 | D:1      | Learned a level 1 spell: Foxfire
   575 | D:1      | XOM: god gift: +4 falchion of chaos
   832 | D:1      | XOM: summons 2 hostile demons
  1239 | D:1      | Found a faded altar of an unknown god.
  1256 | D:1      | Reached XP level 4. HP: 27/35 MP: 0/0
  2136 | D:2      | Reached XP level 5. HP: 36/40 MP: 0/0
  2136 | D:2      | Learned a level 2 spell: Blink
  2633 | D:3      | XOM: god gift: longbow {god gift}
  2765 | D:3      | Noticed a black bear
  2771 | D:3      | XOM: summons 5 friendly demons
  2775 | D:3      | Killed a black bear
  2776 | D:3      | Reached skill level 5 in Maces & Flails
  2776 | D:3      | Reached XP level 6. HP: 38/46 MP: 0/0
  2792 | D:3      | Noticed an ogre
  2796 | D:3      | Killed an ogre
  3008 | D:3      | XOM: give mutations
  3008 | D:3      | Gained mutation: You are strong-willed. (Will+) [Xom's
                  | grace]
  3008 | D:3      | Gained mutation: You are agile. (Dex +4, Str/Int -1) [Xom's
                  | grace]
  3190 | D:3      | XOM: god gift: 27 gold pieces
  3269 | D:3      | XOM: cloud trail
  3446 | D:3      | Reached XP level 7. HP: 50/50 MP: 0/0
  3446 | D:3      | Learned a level 3 spell: Confusing Touch
  3658 | D:4      | XOM: enchant monster (good)
  3659 | D:4      | XOM: summons 6 friendly demons
  3691 | D:4      | Found a transporter.
  3734 | D:4      | Noticed Eustachio
  3742 | D:4      | XOM: cleaving
  4078 | D:4      | XOM: give mutations
  4078 | D:4      | Gained mutation: You are partially covered in large bone
                  | plates. (SH +4) [Xom's grace]
  4078 | D:4      | Gained mutation: Your spells are a little harder to cast,
                  | but a little more powerful. [Xom's grace]
  4078 | D:4      | Gained mutation: You have a pair of small horns on your
                  | head. [Xom's grace]
  4082 | D:4      | Noticed Edmund
  4082 | D:4      | XOM: 4-stop teleportation journey
  4154 | D:4      | Killed Edmund
  4156 | D:4      | Reached skill level 5 in Fighting
  4254 | D:4      | Killed Eustachio
  4255 | D:4      | Reached XP level 8. HP: 36/61 MP: 0/0
  4486 | D:4      | Found a transporter.
  4490 | D:4      | XOM: summons 5 hostile demons
  4503 | D:4      | XOM: smoke on damage
  4698 | D:5      | Entered Level 5 of the Dungeon
  4717 | D:5      | Found Zawoerphe's Antique Weapon Boutique.
  4785 | D:4      | Slain by a necrophage

Illustrated notes

Levels and vault maps discovered:
D:1:      elethiomel_arrival_maze, layout_loops_ring,
          dreamdust_ecumenical_altar_hidden_monk_grotto, minmay_surrounded
D:2:      layout_rooms
D:3:      layout_basic, minmay_misc_feat_enclosed
D:4:      gammafunk_wand_slinger, layout_basic, uniq_edmund, uniq_eustachio
D:5:      layout_basic, minmay_temple_entry_offerings, serial_shops, shop,
          serial_aquarium, aquarium_bridge_square [aquarium_subvault_bridge,
          aquarium_subvault_balcony, aquarium_subvault_balcony,
          aquarium_subvault_balcony], aquarium_bridge_square
          [aquarium_subvault_wall, aquarium_subvault_wall,
          aquarium_subvault_bridge, aquarium_subvault_wall], aquarium_window_1,
          aquarium_window_fake, aquarium_window_1, aquarium_view_2b,
          aquarium_pool_five, lightli_minifort

Skill      XL: |  1  2  3  4  5  6  7 |
---------------+----------------------+-----
Maces & Flails | 3 4 5 6 |  6.7
Fighting       | 6 |  6.2
Armour         | |  1.0
Dodging        | |  2.1

Action                   |  1- 3 |  4- 6 |  7- 9 || total
-------------------------+-------+-------+-------++-------
Melee: Mace              |    99 |   141 |    36 ||   276
       Headbutt          |       |       |    13 ||    13
       Dire flail        |       |       |    34 ||    34
Evoke: Phial of floods   |       |       |     1 ||     1
  Use: Scroll            |       |       |     3 ||     3
       Potion            |       |       |     1 ||     1
 Stab: Sleeping          |     1 |     1 |     1 ||     3
Armor: Leather armour    |    52 |    56 |     7 ||   115
Dodge: Dodged            |    76 |   127 |    47 ||   250
Block: Other             |       |       |     5 ||     5
